 Dungeon Crawl Stone Soup version 0.29-a0-321-gf1c400731a (webtiles) character file.

Game seed: 153823045933835098

56 Flugslaktarn the Vexing (level 3, -2/28 HPs)
             Began as a Palentonga Enchanter on Apr 2, 2022.
             Slain by a goblin
             ... wielding a +0 dagger
             ... led by Robin
              (3 damage)
             ... on level 3 of the Dungeon.
             The game lasted 00:04:24 (752 turns).

Flugslaktarn the Vexing (Palentonga Enchanter)       Turns: 752, Time: 00:04:25

Health: -2/28      AC:  4    Str:  9 (11) XL:     3   Next: 69%
Magic:  6/6        EV:  9    Int: 16 (17) God:
Gold:   78         SH:  0    Dex:  8 (10) Spells: 4/6 levels left

rFire   . . .      SeeInvis +   l - +0 rapier
rCold   . . .      Faith    .   (no shield)
rNeg    . . .      Spirit   .   b - +0 robe
rPois   +          Reflect  .   (no helmet)
rElec   .          Harm     .   (no cloak)
rCorr   .          Rampage  .   (no gloves)
Will    .....                   (no barding)
Stlth   ++........              (no amulet)
HPRegen 0.09/turn               o - ring of poison resistance
MPRegen 0.10/turn               (no ring)

@: brilliant, invisible
A: large, rugged brown scales 3, see invisible, deformed body, roll 1, armoured
tail
a: Rolling Charge


You were on level 3 of the Dungeon.
You visited 1 branch of the dungeon, and saw 3 of its levels.

You collected 78 gold pieces.

Inventory:

Hand Weapons
 a - a +1 dagger
 i - a +0 quarterstaff
   (You found it on level 1 of the Dungeon)
 l - a +0 rapier (weapon)
   (You found it on level 2 of the Dungeon)
Missiles
 h - 77 stones
Armour
 b - a +0 robe (worn)
 j - a +0 chain mail
   (You found it on level 2 of the Dungeon)
Magical Staves
 f - a staff of conjuration
   (You found it on level 1 of the Dungeon)
Jewellery
 o - a ring of poison resistance (left hand)
   (You found it on level 2 of the Dungeon)
Scrolls
 g - a scroll of enchant weapon {unknown}
 m - a scroll of enchant armour {unknown}
 n - a scroll of identify {unknown}
Potions
 c - 2 potions of invisibility
 d - a potion of brilliance
 e - a potion of degeneration
 k - a potion of mutation {unknown}


   Skills:
 - Level 2.0 Fighting
 + Level 1.1 Short Blades
 - Level 1.5 Dodging
 - Level 2.0 Stealth
 - Level 2.0 Spellcasting
 + Level 3.7 Hexes
 - Level 1.0 Ice Magic


You had 4 spell levels left.
You knew the following spells:

 Your Spells              Type           Power      Damage    Failure   Level
a - Ensorcelled Hibernat  Hex/Ice        26%        N/A       12%         2

Your spell library contained the following spells:

 Spells                   Type           Power      Damage    Failure   Level
 Confusing Touch          Hex            20%        N/A       13%         3
 Tukima's Dance           Hex            20%        N/A       13%         3
 Animate Skeleton         Necr           4%         N/A       21%         1
 Pain                     Necr           8%         1d4       21%         1
 Dazzling Flash           Conj/Hex       22%        N/A       28%         3
 Vampiric Draining        Necr           2%         2d6       52%         3


Dungeon Overview and Level Annotations

Branches:
Dungeon (3/15)

Altars:
Elyvilon

Annotations:
D:3 Robin


Innate Abilities, Weirdness & Mutations

You are completely covered in rugged brown scales. (AC +3, +7% HP)
You have supernaturally acute eyesight. (SInv)
Armour fits poorly on your strangely shaped body.
You can roll at nearby foes to attack.
You have a long armoured tail.


Message History

The hobgoblin shouts!
The jackal barely misses you.
The hobgoblin moves out of view.
You puncture the jackal!
You kill the jackal!
You miss the jackal.
The jackal bites you but does no damage. x2
You hit the jackal.
Your tail-slap misses the jackal.
The jackal is severely wounded.
The jackal completely misses you.
You miss the jackal.
The jackal is severely wounded.
The jackal closely misses you. The jackal bites you.
You hit the jackal but do no damage.
The jackal is severely wounded.
The jackal bites you but does no damage.
The hobgoblin hits you.
The jackal bites you but does no damage.
You hit the hobgoblin but do no damage. The jackal bites you.
The hobgoblin hits you.
You hit the hobgoblin but do no damage. Your punch misses the hobgoblin.
The jackal bites you but does no damage.
The hobgoblin hits you. The jackal bites you.
You hit the hobgoblin.
The hobgoblin is heavily wounded.
The jackal closely misses you.
The hobgoblin hits you but does no damage.
The jackal misses you. The jackal attacks as you move away!
The jackal closely misses you.
You hit the jackal.
You kill the jackal!
The hobgoblin hits you but does no damage.
The hobgoblin hits you.
You puncture the hobgoblin!
You kill the hobgoblin!
Found a stone staircase leading up.
Found a stone staircase leading down.
There is a stone staircase leading up here.
You climb upwards.
There is a stone staircase leading down here.
You climb downwards.
There is a stone staircase leading up here.
Found 6 gold pieces.
You now have 78 gold pieces (gained 6).
There is a stone staircase leading down here.
You climb downwards.
There is a stone staircase leading up here.
A goblin comes into view. It is wielding a +0 club.
A goblin comes into view. It is wielding a +0 club.
The goblin shouts!
You hear a shout!
A goblin comes into view. It is wielding a +0 dagger.
You hear a shout!
A goblin comes into view. It is wielding a +0 dagger.
Found a shiny orb.
The goblin shouts!
A goblin comes into view. It is wielding a +0 dagger.
The goblin moves out of view.
Robin of the Strong Arm comes into view.
They are wielding a +0 whip.
A hobgoblin comes into view.
You are too injured to fight recklessly!
You are too injured to fight recklessly!
Robin shouts!
The hobgoblin shouts!
You hit the goblin but do no damage.
You hear a shout!
Robin roars a battlecry!
The goblins go into a battle-frenzy!
The goblin barely misses you.
You hit the goblin but do no damage. The goblin hits you with a +0 club.
You closely miss the goblin. The goblin hits you with a +0 club.
* * * LOW HITPOINT WARNING * * *
A goblin comes into view. It is wielding a +0 dagger.
A goblin comes into view. It is wielding a +0 club.
You barely miss the goblin. The goblin barely misses you.
You hit the goblin.
You kill the goblin!
The goblin attacks as you move away! The goblin hits you with a +0 dagger.
* * * LOW HITPOINT WARNING * * *
You barely miss the goblin. The goblin hits you but does no damage.
The goblin completely misses you.
You fade into invisibility!
Robin throws the goblin at you! The goblin hits you with a +0 club.
* * * LOW HITPOINT WARNING * * *
The goblin closely misses you.
It was a potion of brilliance.
You feel clever all of a sudden. The goblin barely misses you.
The goblin closely misses you.
It was a potion of degeneration.
There was something very wrong with that liquid.
You feel weakened.
You feel dopey.
You feel clumsy.
The goblin no longer looks unusually strong.
The goblin closely misses you. The goblin barely misses you.
You closely miss the goblin.
Your tail-slap misses the goblin.
The goblin no longer looks unusually strong.
Robin roars a battlecry!
The goblins go into a battle-frenzy!
The goblin barely misses you. The goblin closely misses you.
You catch the helpless goblin completely off-guard!
You hit the goblin.
The goblin is severely wounded.
The goblin hits you with a +0 dagger.
You die...

...# #..# #..#
#..# #.<# ##.#
## #.# [.. #g#
.. #@#
####.#######g#
..........##g#
...........)g#
#.####.##.##.#
#. #.##.# #.
#.##.# #.
#g##.# #.
#.##.#


You could see Robin (can't see you), a hobgoblin (strong, can't see you) and 2
goblins.

Vanquished Creatures
  An adder (D:2)
  A worm (D:2)
  3 ball pythons
  6 endoplasms
  A giant cockroach (D:2)
  5 goblins
  4 hobgoblins
  5 jackals
  4 kobolds (D:1)
  2 quokkas (D:1)
  2 bats
  3 frilled lizards (D:1)
37 creatures vanquished.

Notes
Turn   | Place    | Note
-------+----------+-------------------------------------------
     0 | D:1      | Flugslaktarn the Palentonga Enchanter began the quest for
                  | the Orb.
     0 | D:1      | Reached XP level 1. HP: 13/13 MP: 3/3
    32 | D:1      | Reached skill level 1 in Fighting
    62 | D:1      | Found a white marble altar of Elyvilon.
   133 | D:1      | Reached XP level 2. HP: 10/23 MP: 5/5
   168 | D:1      | Learned a level 2 spell: Ensorcelled Hibernation
   359 | D:1      | Reached XP level 3. HP: 15/28 MP: 4/6
   471 | D:1      | Reached skill level 1 in Ice Magic
   737 | D:3      | Noticed Robin
   748 | D:3      | HP: 1/28 [goblin/+0 club[Robin] (4)]
   752 | D:3      | Slain by a goblin

Illustrated notes

Levels and vault maps discovered:
D:1:      saegor_arrival_simple_c, layout_loops_ring, kennysheep_flooded_box,
          minmay_pentomino_x4
D:2:      layout_basic
D:3:      layout_loops_ring, shapermc_ecumenical_altar_mp_vishouse,
          glass_columns_a, uniq_robin, uniq_crazy_yiuf_cottage, uniq_terence

Skill      XL: |  1  2  3 |
---------------+----------+-----
Fighting       | 1 2 |  2.0
Ice Magic      | 1 |  1.0
Short Blades   | |  1.1
Dodging        | |  1.5
Stealth        | |  2.0
Spellcasting   | |  2.0
Hexes          | |  3.7

Action                   || total
-------------------------++-------
Melee: Dagger            ||    89
       Tailslap          ||     9
       Rapier            ||    40
 Cast: Ensorcelled Hiber ||    10
 Abil: Rolling Charge    ||     6
  Use: Potion            ||     3
 Stab: Sleeping          ||     7
       Invisible         ||     1
Armor: Robe              ||    49
Dodge: Dodged            ||    58

Table legend: (Time is in decaauts)
 A = Elapsed time spent in this place.
 B = Non-inter-level travel time spent in this place.
 C = Inter-level travel time spent in this place.
 D = Time resting spent in this place.
 E = Time spent auto-exploring this place.
 F = Levels seen in this place.
 G = Mean time per level.
                   A        B        C        D        E       F      G
               +--------+--------+--------+--------+--------+-----+--------+
         Total |    753 |    753 |      0 |      0 |      0 |   3 |  251.0 |
       Dungeon |    753 |    753 |      0 |      0 |      0 |   3 |  251.0 |
               +--------+--------+--------+--------+--------+-----+--------+

Top non-repeatable levels by time:
     D:1: 450 daAuts
     D:2: 272 daAuts
     D:3: 31 daAuts
